 Dungeon Crawl Stone Soup version 0.23.2 (webtiles) character file.

Game seed: 8606000024851769766

2793 doot the Grappler (level 9, 0/80 HPs)
             Began as a Troll Transmuter on Apr 9, 2019.
             Was a Follower of Wu Jian.
             Slain by Joseph
             ... wielding a +0 quarterstaff
              (26 damage)
             ... on level 7 of the Dungeon.
             The game lasted 00:17:47 (5841 turns).

doot the Grappler (Troll Transmuter)                Turns: 5841, Time: 00:17:48

Health: 0/80       AC:  9    Str: 23    XL:     9   Next: 43%
Magic:  11/12      EV: 11    Int:  9    God:    Wu Jian [*.....]
Gold:   167        SH:  0    Dex: 10    Spells: 10/13 levels left

rFire    . . .     SeeInvis +     - Unarmed
rCold    . . .     Gourm    +   (no shield)
rNeg     + . .     Faith    .   z - +1 robe {rN+}
rPois    .         Spirit   .   (helmet restricted)
rElec    .         Reflect  .   D - +1 cloak {+Inv}
rCorr    .         Harm     +   (gloves unavailable)
MR       .....                  (boots unavailable)
Stlth    ++........             o - amulet of harm
HPRegen  0.63/turn              i - ring of see invisible
MPRegen  0.13/turn              (no ring)

@: very slightly contaminated, invisible
A: large, unfitting armour, claws 3, fast metabolism 3, gourmand, regeneration
1, shaggy fur 1, tough skin 3
a: Renounce Religion


You were on level 7 of the Dungeon.
You worshipped Wu Jian.
Wu Jian was aware of your devotion.
You were completely stuffed.

You visited 2 branches of the dungeon, and saw 8 of its levels.

You collected 317 gold pieces.
You spent 150 gold pieces at shops.

Inventory:

Hand Weapons
 s - the +7 dagger of Infinite Pain {flame, Str+5 Int+2 Stlth-}
   (You found it on level 6 of the Dungeon)

   It has been specially enchanted to burn those struck by it, causing extra
   injury to most foes and up to half again as much damage against particularly
   susceptible opponents.
   It affects your strength (+5).
   It affects your intelligence (+2).
   It makes you less stealthy.
Missiles
 a - 127 arrows
 m - 4 throwing nets (quivered)
Armour
 b - a +0 robe
 u - a +0 robe
 z - a +1 robe of positive energy (worn)
 D - a +1 cloak of invisibility (worn)
Magical Staves
 j - an uncursed staff of conjuration
Jewellery
 i - a ring of see invisible (left claw)
 o - an amulet of harm (around neck)
Wands
 q - a wand of acid (6)
 B - a wand of flame (15)
Scrolls
 e - 2 scrolls of noise
 h - 4 scrolls of amnesia
 l - 3 scrolls of magic mapping {unknown}
 n - 5 scrolls of remove curse
 p - 5 scrolls of teleportation
 r - a scroll of fear {unknown}
 t - a scroll of random uselessness {unknown}
 y - a scroll of blinking {unknown}
 A - a scroll of enchant armour {unknown}
 G - a scroll of silence {unknown}
Potions
 c - a potion of lignification {unknown}
 f - 4 potions of agility
 g - 5 potions of flight
 k - 5 potions of heal wounds
 v - 3 potions of curing
 w - 2 potions of cancellation
 x - a potion of brilliance {unknown}
 C - a potion of ambrosia {unknown}
 E - a potion of magic {unknown}
 F - a potion of degeneration {unknown}
Comestibles
 d - 9 rations
 H - 2 chunks of flesh


   Skills:
 + Level 2.4 Fighting
 + Level 3.8 Dodging
 + Level 1.8 Stealth
 + Level 9.2 Unarmed Combat
 + Level 2.7 Spellcasting
 * Level 4.8 Transmutations
 + Level 0.3 Evocations


You had 10 spell levels left.
You knew the following spells:

 Your Spells              Type           Power        Failure   Level  Hunger
a - Beastly Appendage     Tmut           #.....       4%          1    ##.....
b - Sticks to Snakes      Tmut           #.......     6%          2    ###....

Your spell library contained the following spells:

 Spells                   Type           Power        Failure   Level  Hunger
 Animate Skeleton         Necr           N/A          30%         1    ##.....
 Apportation              Tloc           #.....       30%         1    ##.....
 Confusing Touch          Hex            #.....       30%         1    ##.....
 Pain                     Necr           #...         30%         1    ##.....
 Summon Small Mammal      Summ           #...         30%         1    ##.....
 Spider Form              Tmut/Pois      #.........   34%         3    ####...
 Regeneration             Chrm/Necr      #.........   67%         3    ####...
 Vampiric Draining        Necr           #.........   67%         3    ####...
 Ice Form                 Ice/Tmut       #.......     75%         4    #####..
 Blade Hands              Tmut           #.........   75%         5    ######.
 Animate Dead             Necr           N/A          97%         4    #####..


Dungeon Overview and Level Annotations

Branches:
Dungeon (7/15)             Temple (1/1) D:5

Altars:
Ashenzari
Cheibriados
Elyvilon
Fedhas
Gozag
Hepliaklqana
Kikubaaqudgha
Makhleb
Nemelex Xobeh
Okawaru
Qazlal
Ru
Sif Muna
Trog
Uskayaw
Vehumet
Wu Jian
Xom
Yredelemnul
Zin
The Shining One

Shops:
D:6 *   D:7 *

Annotations:
D:7 Joseph


Innate Abilities, Weirdness & Mutations

You are too large for most types of armour.
You have claws for hands.
Your metabolism is lightning-fast.
You like to eat raw meat.
Your natural rate of healing is unusually fast.
You are covered in fur. (AC +1)
You have extremely tough skin. (AC +3)


Message History

You barely miss Joseph.
Joseph hits you with a +0 quarterstaff!!
You barely miss Joseph. Joseph hits you with a +0 quarterstaff.
You completely miss Joseph. Joseph barely misses you.
You see here a spear.
You lunge at Joseph.
You claw Joseph!
Joseph is moderately wounded.
Joseph hits you with a +0 quarterstaff!
Unknown command.
You scratch Joseph.
Joseph is heavily wounded.
Joseph barely misses you.
You spin and attack Joseph.
You scratch Joseph.
Joseph is heavily wounded.
Joseph hits you with a +0 quarterstaff.
You catch the helpless Joseph completely off-guard!
You claw Joseph!
Joseph is severely wounded.
Joseph hits you with a +0 quarterstaff!!
You die...

#...# .# # ##...## #
####@##$. #.....###
##.####...?....
#.......#####(.........##%#
#..........##.# #..(!......
##......##.##.###.####.####
.......###.##.....#
.......# #.##.....#
##.##.## #.##.._@@##
##..#.## #..#.....(#
.......# ##.#....).#
.......# #..#.##.(#
......(# ##.###.#.##
.......###)## ##..#
.......##.## ##.#
.).....###)## ##.##
.......# ##.###.##


You could see Joseph (pinned).

Vanquished Creatures
  Harold (D:7)
  An orc warrior (D:4)
  An ice beast (D:5)
  4 ogres
  2 centaurs
  2 bullfrogs (D:6)
  3 scorpions
  A howler monkey (D:5)
  7 crimson imps
  2 bullfrog zombies
  6 hounds
  A jelly (D:6)
  An orc priest (D:4)
  A bullfrog skeleton (D:4)
  Natasha (D:2)
  2 iguanas
  4 worker ants
  Terence (D:2)
  A hound skeleton (D:5)
  10 adders
  10 gnolls
  A shadow imp (D:5)
  An ooze (D:3)
  2 adder skeletons
  4 worms
  2 dart slugs (D:1)
  7 leopard geckos
  19 orcs
  5 giant cockroaches
  3 hobgoblins
  8 jackals
  5 quokkas
  8 bats
  4 frilled lizards
  7 goblins
  7 kobolds
  A leopard gecko skeleton (D:4)
  A leopard gecko zombie (D:5)
  4 rats
151 creatures vanquished.

Notes
Turn   | Place    | Note
-------+----------+-------------------------------------------
     0 | D:1      | doot the Troll Transmuter began the quest for the Orb.
     0 | D:1      | Reached XP level 1. HP: 18/18 MP: 1/1
   182 | D:2      | Reached XP level 2. HP: 26/26 MP: 0/3
   301 | D:3      | Reached XP level 3. HP: 32/32 MP: 2/4
   302 | D:3      | Reached skill level 4 in Unarmed Combat
   347 | D:4      | Noticed a scorpion
   352 | D:4      | Killed a scorpion
   352 | D:4      | Reached XP level 4. HP: 31/40 MP: 3/5
   426 | D:4      | Reached skill level 5 in Unarmed Combat
   485 | D:4      | Reached XP level 5. HP: 46/46 MP: 4/6
   544 | D:4      | Reached skill level 1 in Fighting
   625 | D:4      | Noticed an orc warrior
   634 | D:4      | Killed an orc warrior
   634 | D:4      | Reached XP level 6. HP: 36/55 MP: 5/7
   722 | D:4      | Got a bloodstained dagger
   723 | D:4      | Identified the cursed +0 dagger "Widowmaker" {pierce, rC++
                  | MR+ Str-5 Dex+3} (You found it on level 4 of the Dungeon)
  1184 | D:5      | Entered Level 5 of the Dungeon
  1255 | D:6      | Reached skill level 6 in Unarmed Combat
  1261 | D:6      | Reached XP level 7. HP: 42/62 MP: 9/9
  1496 | D:6      | Found Idghui's General Store.
  1705 | D:6      | Got a scorched dagger
  1827 | D:6      | HP: 1/63 [gnoll/+0 spear (4)]
  1952 | D:5      | Reached skill level 7 in Unarmed Combat
  1952 | D:5      | Reached XP level 8. HP: 48/72 MP: 8/10
  2429 | D:5      | Found a staircase to the Ecumenical Temple.
  2441 | D:5      | Found a sparkling altar of Nemelex Xobeh.
  2449 | Temple   | Entered the Ecumenical Temple
  2696 | Temple   | Became a worshipper of the Wu Jian Council
  2921 | D:5      | Identified the +7 dagger of Infinite Pain {flame, Str+5
                  | Int+2 Stlth-} (You found it on level 6 of the Dungeon)
  3728 | D:2      | Reached skill level 8 in Unarmed Combat
  3747 | D:2      | Noticed Natasha
  3792 | D:2      | Killed Natasha
  3878 | D:2      | Noticed Terence
  3897 | D:2      | Killed Terence
  3897 | D:2      | Reached skill level 1 in Stealth
  4909 | D:3      | Reached * piety under Wu Jian
  5265 | D:6      | Learned a level 2 spell: Sticks to Snakes
  5322 | D:7      | Reached XP level 9. HP: 79/79 MP: 12/12
  5407 | D:7      | Found Yteteynu's Assorted Antiques.
  5413 | D:7      | Bought an emerald potion for 17 gold pieces
  5413 | D:7      | Bought a scroll labeled VOMEUD SOZEGU for 19 gold pieces
  5413 | D:7      | Bought a scroll labeled WUHIUL ZITRIUTESI for 19 gold
                  | pieces
  5413 | D:7      | Bought a scroll of teleportation for 57 gold pieces
  5413 | D:7      | Bought a scroll labeled GUUNIPIUSY for 19 gold pieces
  5413 | D:7      | Bought a scroll labeled DAUMAO DIURUT for 19 gold pieces
  5494 | D:7      | Noticed Harold
  5525 | D:7      | Killed Harold
  5525 | D:7      | Reached skill level 9 in Unarmed Combat
  5724 | D:7      | Found a blossoming altar of Fedhas.
  5811 | D:7      | Noticed Joseph
  5841 | D:7      | Slain by Joseph

Skill      XL: |  1  2  3  4  5  6  7  8  9 |
---------------+----------------------------+-----
Unarmed Combat | 4 5 6 7 8 9 |  9.2
Dodging        | 2 3 |  3.8
Transmutations | 2 3 4 |  4.8
Fighting       | 1 2 |  2.4
Spellcasting   | 2 |  2.7
Stealth        | 1 |  1.8
Evocations     | |  0.3

Action                   |  1- 3 |  4- 6 |  7- 9 || total
-------------------------+-------+-------+-------++-------
Melee: Unarmed           |    41 |    79 |   308 ||   428
       Kick              |     2 |       |    16 ||    18
       Headbutt          |     1 |     7 |     8 ||    16
       Punch             |       |     3 |    11 ||    14
 Cast: Beastly Appendage |     7 |     9 |    23 ||    39
Invok: Lunge             |       |       |    41 ||    41
       Whirlwind         |       |       |     7 ||     7
 Abil: Evoke Invisibilit |       |       |     2 ||     2
  Use: Scroll            |       |     4 |     7 ||    11
 Stab: Sleeping          |       |       |     6 ||     6
       Distracted        |       |       |     1 ||     1
       Invisible         |       |       |     4 ||     4
  Eat: Chunk             |     9 |     7 |    45 ||    61
Armor: Robe              |    20 |    21 |    77 ||   118
Dodge: Dodged            |    23 |    42 |   127 ||   192
